 Dungeon Crawl Stone Soup version 0.28-a0-906-g0406aca7d3 (webtiles) character file.

Game seed: 11539959020037175971

212 Crownlay the Digger (level 5, 0/28 HPs)
             Began as a Gargoyle Earth Elementalist on Nov 23, 2021.
             Slain by a gnoll (4 damage)
             ... on level 3 of the Dungeon.
             The game lasted 00:04:20 (3419 turns).

Crownlay the Digger (Gargoyle Earth Elementalist)   Turns: 3419, Time: 00:04:21

Health: 0/28       AC:  6    Str: 12    XL:     5   Next: 89%
Magic:  11/11      EV: 11    Int: 16    God:
Gold:   80         SH:  0    Dex: 10    Spells: 8/12 levels left

rFire   . . .      SeeInvis .   d - +0 dagger
rCold   . . .      Faith    .   (no shield)
rNeg    + . .      Spirit   .   b - +0 robe
rPois   ∞          Reflect  .   (no helmet)
rElec   +          Harm     .   (no cloak)
rCorr   .          Rampage  .   (no gloves)
Will    .....                   (no boots)
Stlth   ++........              (no amulet)
HPRegen 0.09/turn               (no ring)
MPRegen 0.12/turn               (no ring)

@: no status effects
A: sickness immunity, AC +4, negative energy resistance 1, electricity
resistance, torment resistance 1, petrification resistance
a: no special abilities


You were on level 3 of the Dungeon.
You visited 1 branch of the dungeon, and saw 3 of its levels.

You collected 80 gold pieces.

Inventory:

Hand Weapons
 d - a +0 dagger (weapon)
Missiles
 c - 20 stones
Armour
 b - a +0 robe (worn)
Scrolls
 a - a scroll of torment {unknown}
 g - 2 scrolls of identify {unknown}
 j - a scroll of noise {unknown}
 l - a scroll of holy word {unknown}
 n - a scroll of enchant weapon {unknown}
Potions
 e - a potion of cancellation {unknown}
 f - a potion of mutation {unknown}
 h - a potion of attraction {unknown}
 i - a potion of brilliance {unknown}
 k - a potion of degeneration {unknown}
 m - a potion of ambrosia {unknown}


   Skills:
 - Level 1.5 Dodging
 - Level 2.1 Stealth
 + Level 4.0 Spellcasting
 - Level 0.7 Transmutations
 + Level 6.0 Earth Magic


You had 8 spell levels left.
You knew the following spells:

 Your Spells              Type           Power      Damage    Failure   Level
a - Sandblast             Erth           44%        2d11      1%          1
b - Stone Arrow           Conj/Erth      24%        3d8       14%         3

Your spell library contained the following spells:

 Spells                   Type           Power      Damage    Failure   Level
 Passwall                 Tmut/Erth      11%        N/A       6%          2
 Petrify                  Tmut/Erth      14%        N/A       38%         4


Dungeon Overview and Level Annotations

Branches:
Dungeon (3/15)

Altars:

Shops:
D:3 =


Innate Abilities, Weirdness & Mutations

You are immune to sickness and miasma.
Your stone body is resilient. (AC +4)
You are immune to poison.
You resist negative energy. (rN+)
You are resistant to electric shocks. (rElec)
You are resistant to unholy torment.
You are immune to petrification.


Message History

An endoplasm is nearby! 2 gnolls come into view.
Found a book of Winter.
The gnoll shouts! x2; You hear a shout!
A gnoll comes into view. It is wielding a +0 spear.
The blast of sand hits the endoplasm!
You kill the endoplasm!
You can't see any susceptible monsters within range! (Use Z to cast anyway.)
You can't see any susceptible monsters within range! (Use Z to cast anyway.)
You can't see any susceptible monsters within range! (Use Z to cast anyway.)
You can't see any susceptible monsters within range! (Use Z to cast anyway.)
The blast of sand hits the gnoll!
The gnoll is severely wounded.
The gnoll throws a throwing net.
The throwing net hits you.
You become entangled in the net!
You are held in a net!
You are held in a net!
You are held in a net!
You struggle against the net.
You struggle against the net.
The gnoll barely misses you. The gnoll hits you but does no damage.
You shred the net and break free! The gnoll hits you but does no damage.
The gnoll hits you with a +0 club.
The gnoll throws a throwing net.
The throwing net hits you.
You become entangled in the net!
You struggle against the net.
The gnoll hits you from afar with a +0 spear.
The gnoll hits you but does no damage.
You struggle against the net.
The gnoll hits you from afar with a +0 spear.
The gnoll closely misses you. The gnoll hits you with a +0 flail.
You struggle against the net.
The gnoll barely misses you. The gnoll hits you with a +0 flail.
The gnoll hits you with a +0 club.
* * * LOW HITPOINT WARNING * * *
You rip the net and break free!
The gnoll closely misses you. The gnoll hits you but does no damage.
The gnoll hits you with a +0 flail.
* * * LOW HITPOINT WARNING * * *
There is an open door here.
There is a stone staircase leading up here.
The gnoll hits you with a +0 club.
You die...

#..........#
..###########g#
...........##.#
....<......##g#
...........##.#
............g.#
..............#
..........g...#
......†...@...#
.............##
########.....#
#.....# #######


You could see 3 gnolls.

Vanquished Creatures
  A hound (D:2)
  Natasha (thrice) (D:2)
  4 adders (D:2)
  3 worms (D:2)
  A dart slug (D:1)
  2 ball pythons (D:1)
  4 endoplasms
  5 giant cockroaches
  6 goblins
  8 hobgoblins
  4 jackals (D:1)
  2 quokkas (D:2)
  7 bats
  3 frilled lizards
  6 kobolds
  4 rats
63 creatures vanquished.

Notes
Turn   | Place    | Note
-------+----------+-------------------------------------------
     0 | D:1      | Crownlay the Gargoyle Earth Elementalist began the quest
                  | for the Orb.
     0 | D:1      | Reached XP level 1. HP: 10/10 MP: 3/3
   112 | D:1      | Reached XP level 2. HP: 12/15 MP: 0/5
   231 | D:1      | Reached skill level 4 in Earth Magic
   784 | D:1      | Reached XP level 3. HP: 12/19 MP: 4/6
  1518 | D:2      | Learned a level 3 spell: Stone Arrow
  1590 | D:2      | Noticed Natasha
  1593 | D:2      | Killed Natasha
  1594 | D:2      | Reached skill level 5 in Earth Magic
  1594 | D:2      | Reached XP level 4. HP: 19/24 MP: 6/8
  1964 | D:2      | Noticed Natasha
  1968 | D:2      | Killed Natasha
  1976 | D:2      | Reached XP level 5. HP: 25/28 MP: 4/10
  2091 | D:2      | Noticed Natasha
  2096 | D:2      | Killed Natasha
  2232 | D:2      | Found a faded altar of an unknown god.
  2919 | D:2      | Reached skill level 6 in Earth Magic
  3379 | D:3      | Found Waomagith's Jewellery Emporium.
  3419 | D:3      | Slain by a gnoll

Illustrated notes

Levels and vault maps discovered:
D:1:      dpeg_cavernosity, layout_basic
D:2:      minmay_diamond_boxcup, layout_basic, chequers_ecumenical_altar_island,
          kennysheep_generic_room_10, uniq_natasha
D:3:      minmay_chambers_of_twos, layout_basic, serial_shops,
          nicolae_shop_trees, uniq_grinder

Skill      XL: |  1  2  3  4  5 |
---------------+----------------+-----
Earth Magic    | 4 5 6 |  6.0
Spellcasting   | 3 4 |  4.0
Dodging        | |  1.5
Stealth        | |  2.1
Transmutations | |  0.7

Action                   |  1- 3 |  4- 6 || total
-------------------------+-------+-------++-------
Melee: Dagger            |    75 |    79 ||   154
Throw: Stone             |       |     9 ||     9
 Cast: Sandblast         |    29 |    34 ||    63
       Stone Arrow       |       |     2 ||     2
 Stab: Sleeping          |     5 |     2 ||     7
Armor: Robe              |    53 |    41 ||    94
Dodge: Dodged            |    64 |    50 ||   114

Table legend: (Time is in decaauts)
 A = Elapsed time spent in this place.
 B = Non-inter-level travel time spent in this place.
 C = Inter-level travel time spent in this place.
 D = Time resting spent in this place.
 E = Time spent auto-exploring this place.
 F = Levels seen in this place.
 G = Mean time per level.
                   A        B        C        D        E       F      G
               +--------+--------+--------+--------+--------+-----+--------+
         Total |   3420 |   3374 |     46 |      0 |   2887 |   3 | 1140.0 |
       Dungeon |   3420 |   3374 |     46 |      0 |   2887 |   3 | 1140.0 |
               +--------+--------+--------+--------+--------+-----+--------+

Top non-repeatable levels by time:
     D:2: 1951 daAuts
     D:1: 1391 daAuts
     D:3: 77 daAuts
